Map: Hardwire LE

Players

Warthog - Winner!

  • Race: Terran Terran
  • League: Diamond
  • Spawn Location: 1:00

Chaldi

  • Race: Zerg Zerg
  • League: Diamond
  • Spawn Location: 7:00

VOD

Have the link to the VOD?

Description

Time

  • Played on: Nov. 23, 2021, 9:35 p.m.
  • Length: 13:37
Show
View Real Time Build Order
Export as new Build Order

Warthog Terran - Winner!

Build Orders: Liberator Opening, Reaper Expand 

Get SALT Encoding   

  12  0:00  SCV  
  13  0:13  SCV  
  14  0:17  Supply Depot  
  14  0:25  SCV  
  15  0:38  SCV  
  15  0:40  Barracks  
  16  0:44  Refinery  
  16  0:51  SCV  
  17  1:03  SCV  
  18  1:16  SCV  
  19  1:27  Reaper  
  19  1:28  Orbital Command  
  20  1:40  Command Center  
  20  1:55  SCV  
  20  1:57  Supply Depot  
  20  1:59  Marine  
  22  2:08  SCV  
  23  2:13  Factory  
  22  2:20  SCV  
  22  2:21  Barracks Reactor  
  23  2:41  SCV  
  24  2:48  Refinery  
  24  2:49  Bunker  
  24  2:53  SCV  
  25  3:01  Marine x2  
  25  3:03  Hellion  
  25  3:05  Bunker, Starport, SCV  
  30  3:13  Orbital Command  
  30  3:18  SCV  
  30  3:19  Marine x2  
  33  3:25  Factory Tech Lab  
  33  3:30  Supply Depot, SCV  
  34  3:40  SCV  
  34  3:41  Marine x2  
  35  3:42  SCV  
  38  3:52  SCV  
  39  3:57  SCV  
  39  3:58  Liberator  
  39  4:01  Siege Tank  
  39  4:02  Marine x2  
  48  4:07  Supply Depot  
  48  4:10  SCV x2  
  50  4:22  SCV  
  51  4:27  SCV  
  51  4:33  Command Center  
  51  4:34  SCV  
  52  4:42  SCV  
  53  4:46  SCV, Starport Reactor, Barracks  
  54  4:55  SCV, Barracks  
  54  4:57  Factory Reactor  
  55  5:09  SCV, Marine  
  55  5:11  Stimpack  
  55  5:12  SCV  
  55  5:14  Refinery  
  58  5:15  Refinery  
  58  5:21  SCV  
  58  5:27  Marine  
  47  5:31  Liberator  
  49  5:36  SCV  
  49  5:40  Supply Depot  
  50  5:43  Factory Tech Lab  
  50  5:45  SCV, Marine  
  50  5:48  Marine x4  
  50  5:49  Engineering Bay x2  
  56  5:51  SCV  
  57  6:02  Marine  
  58  6:06  SCV  
  59  6:11  SCV  
  59  6:13  Orbital Command  
  59  6:14  Siege Tank, Marine x3  
  66  6:18  Medivac x2  
  66  6:25  Barracks, Terran Infantry Weapons Level 1  
  70  6:26  Terran Infantry Armor Level 1  
  70  6:28  Supply Depot, SCV, Barracks  
  70  6:29  Supply Depot  
  71  6:38  Orbital Command  
  70  6:41  Marine  
  63  6:56  SCV x2  
  65  7:08  SCV, Marauder, Marine x2, Combat Shield  
  69  7:12  Armory  
  69  7:13  Siege Tank  
  73  7:18  Marine x2  
  75  7:23  SCV x2  
  75  7:29  Marauder  
  80  7:35  SCV  
  77  7:38  Orbital Command  
  77  7:40  SCV  
  77  7:41  Refinery x2  
  78  7:46  Barracks Reactor x2  
  78  7:47  Marine x3  
  78  7:48  SCV, Siege Tank  
  78  7:51  Marauder  
  87  7:54  SCV  
  88  7:59  Marine  
  88  8:00  SCV  
  88  8:05  SCV, Marine  
  92  8:06  SCV  
  92  8:07  Supply Depot x2  
  92  8:10  Terran Vehicle Weapons Level 1  
  92  8:12  SCV, Marauder  
  96  8:17  SCV  
  96  8:18  SCV  
  98  8:24  Marine x3  
  101  8:27  Concussive Shells  
  101  8:28  Siege Tank, Marine x5  
  101  8:31  SCV x2  
  101  8:32  Supply Depot x2  
  101  8:33  Marauder  
  113  8:35  Supply Depot x2  
  113  8:41  Marine x2  
  113  8:44  Terran Infantry Weapons Level 2, Marine  
  113  8:46  SCV  
  117  8:48  Refinery  
  117  8:50  Refinery  
  117  8:53  SCV x2, Marine  
  117  8:54  Marine  
  117  8:55  Supply Depot, Marauder  
  123  8:58  SCV  
  123  8:59  Supply Depot, Terran Infantry Armor Level 2  
  124  9:05  SCV  
  124  9:06  SCV  
  124  9:07  Supply Depot  
  126  9:10  SCV  
  126  9:14  Marine  
  126  9:15  Command Center  
  126  9:16  Marauder  
  130  9:19  Supply Depot  
  130  9:27  Marine  
  130  9:29  SCV  
  130  9:30  Supply Depot  
  130  9:31  Marine x5  
  131  9:32  Marine x2  
  131  9:38  Marauder  
  140  9:45  Medivac x2, Marine  
  142  9:49  Marine x2  
  146  9:59  Marauder  
  148  10:03  Marine x2  
  148  10:05  Marine  
  151  10:14  Siege Tank  
  151  10:15  Medivac x2, Marine  
  151  10:18  Supply Depot, Terran Vehicle Weapons Level 2  
  151  10:20  Marauder  
  158  10:29  Factory  
  158  10:42  Marauder  
  160  10:43  Barracks x2  
  160  10:44  Barracks  
  160  10:45  Medivac x2  
  160  10:46  Siege Tank  
  157  10:52  Marine x2  
  156  10:57  Marine x3  
  156  10:58  Marine x3  
  156  11:03  Marauder  
  162  11:10  Marine x2  
  163  11:15  Marine x4  
  163  11:16  Marine x2  
  167  11:19  Siege Tank  
  167  11:22  SCV x2  
  167  11:23  Planetary Fortress  
  167  11:24  Marauder  
  174  11:28  Command Center, Marine x2  
  170  11:33  Marine x4  
  167  11:46  Marauder  
  168  11:52  Marine  
  167  12:07  Marauder  
  169  12:11  Marine x2  
  158  12:23  Marine  
  158  12:28  Marine x3  
  158  12:29  Barracks Tech Lab x3, Marauder  
  163  12:33  Medivac, Siege Tank  
  167  12:39  Factory Tech Lab  
  160  12:46  Command Center  
  160  12:50  Marauder  
  144  12:59  Marine x2  
  144  13:00  Marauder  
  144  13:03  Marine x2  
  144  13:04  Marauder, Marine x5  
  157  13:08  Orbital Command  
  157  13:11  Marauder  
  148  13:17  Marine x2  
Show
View Real Time Build Order
Export as new Build Order

Chaldi Zerg 

Build Orders: Pool First, Lurkers 

Get SALT Encoding   

  12  0:01  Drone  
  13  0:08  Drone  
  14  0:25  Spawning Pool  
  13  0:32  Overlord  
  13  0:38  Drone  
  14  0:50  Drone x2  
  16  1:12  Zergling x2  
  16  1:13  Zergling x2  
  16  1:15  Zergling x2  
  19  1:19  Hatchery  
  18  1:26  Drone  
  18  1:29  Queen  
  21  1:40  Extractor  
  20  1:50  Drone x2  
  22  1:58  Overlord  
  22  2:16  Queen  
  22  2:30  Drone x2  
  22  2:32  Drone x2  
  22  2:34  Queen  
  27  2:38  Drone x3  
  30  2:46  Metabolic Boost  
  30  2:48  Drone x2  
  32  2:59  Drone x2  
  32  3:03  Drone  
  35  3:16  Overlord  
  35  3:19  Drone  
  36  3:21  Overlord  
  36  3:22  Hatchery  
  35  3:27  Drone  
  36  3:38  Drone x5  
  41  3:48  Drone, Roach Warren  
  41  3:57  Drone x2  
  43  4:04  Baneling Nest, Drone  
  43  4:05  Drone  
  43  4:06  Drone, Overlord  
  45  4:11  Lair  
  45  4:27  Extractor x2  
  43  4:34  Evolution Chamber x2  
  41  4:38  Zergling x2  
  41  4:40  Zergling x8, Roach x3  
  41  4:42  Drone  
  53  4:49  Zergling x6, Roach  
  58  4:57  Roach  
  60  5:01  Zergling x4, Roach x2  
  66  5:11  Baneling x2  
  66  5:12  Baneling  
  57  5:36  Drone x8  
  57  5:37  Drone  
  65  5:46  Overlord x2  
  65  5:48  Drone  
  65  6:04  Queen x3, Drone x2  
  65  6:05  Drone x3  
  65  6:07  Extractor  
  65  6:09  Drone x2  
  65  6:10  Spore Crawler  
  76  6:12  Baneling  
  76  6:13  Baneling  
  76  6:17  Drone x2  
  76  6:18  Drone  
  79  6:20  Zerg Melee Weapons Level 1  
  79  6:23  Drone x3  
  79  6:25  Overlord  
  82  6:39  Hatchery  
  80  6:44  Zergling x6, Roach  
  80  6:45  Zergling x2, Roach x2  
  85  6:55  Extractor  
  85  6:56  Extractor  
  85  6:58  Hydralisk Den  
  82  7:02  Zergling x8  
  86  7:10  Baneling x3  
  86  7:17  Drone x3  
  86  7:18  Drone x3  
  86  7:21  Centrifugal Hooks  
  87  7:32  Drone  
  87  7:33  Drone  
  87  7:34  Drone x2  
  87  7:35  Overlord x2  
  90  7:44  Overlord x2  
  90  7:47  Overlord x2  
  90  7:48  Pneumatized Carapace  
  90  7:53  Drone x3  
  90  7:54  Drone x7  
  90  7:55  Queen  
  90  7:57  Drone  
  90  7:58  Drone  
  104  8:00  Grooved Spines  
  104  8:04  Drone x2  
  106  8:06  Lurker Den  
  106  8:08  Spore Crawler  
  106  8:09  Drone x2  
  106  8:14  Overlord x2  
  104  8:20  Spire  
  104  8:22  Infestation Pit  
  104  8:25  Drone x2  
  102  8:27  Drone x7  
  102  8:28  Drone  
  102  8:29  Drone x2, Extractor  
  109  8:35  Zerg Ground Armor Level 1  
  109  8:37  Zerg Missile Weapons Level 1  
  109  8:41  Drone  
  109  8:42  Drone  
  109  8:45  Overseer  
  111  8:51  Extractor  
  111  8:53  Spine Crawler  
  111  8:54  Spore Crawler, Drone x3  
  111  8:56  Drone x3  
  111  8:59  Hive  
  111  9:01  Zergling x8, Hydralisk x4  
  111  9:02  Zergling x12  
  132  9:03  Zergling x2  
  133  9:10  Drone x2  
  133  9:12  Evolution Chamber  
  134  9:18  Muscular Augments  
  130  9:33  Hydralisk x4  
  130  9:34  Zergling x14, Hydralisk x3  
  130  9:36  Baneling x3  
  130  9:37  Baneling, Overlord x4  
  147  9:48  Queen x3, Spine Crawler  
  147  9:50  Zerg Melee Weapons Level 2  
  152  10:05  Extractor  
  149  10:07  Hatchery  
  149  10:12  Zerg Flyer Weapons Level 1, Extractor  
  145  10:15  Adrenal Glands  
  145  10:18  Ultralisk Cavern  
  145  10:19  Spire  
  141  10:23  Lurker x2  
  143  10:29  Drone x3  
  143  10:31  Drone x2  
  143  10:32  Drone x3  
  143  10:33  Drone x3  
  143  10:34  Corruptor, Drone x6  
  143  10:35  Drone, Overlord x4  
  146  10:53  Hydralisk x4  
  146  10:54  Zergling x14, Hydralisk x3  
  152  11:01  Zergling x4, Hydralisk x2  
  150  11:06  Zergling x4  
  150  11:10  Zergling x4  
  144  11:15  Chitinous Plating  
  131  11:20  Zergling x4, Hydralisk  
  131  11:23  Lurker x2  
  131  11:24  Hydralisk  
  131  11:25  Zergling x6, Hydralisk  
  130  11:27  Hydralisk  
  130  11:28  Hydralisk  
  126  11:35  Zergling x6, Ultralisk x2  
  139  11:44  Lurker x2  
  133  11:48  Zergling x2  
  117  11:57  Baneling x4  
  117  11:59  Zergling x14, Ultralisk x2  
  118  12:09  Baneling x2, Hydralisk  
  118  12:10  Zergling x4  
  120  12:16  Lurker, Hydralisk  
  120  12:17  Zergling x6, Hydralisk x2  
  119  12:29  Hydralisk x2  
  107  12:30  Zergling x8  
  107  12:32  Baneling x2  
  114  12:39  Zergling x4  
  105  12:49  Zergling x2, Lurker, Viper  
  90  13:00  Lurker  
  90  13:01  Zergling x2  
  90  13:04  Zergling x2  
  90  13:05  Zergling x4  
  78  13:14  Zergling x4  
  78  13:18  Zergling x2  
Tags
 
Add a new tag
Caveats
  • Supply blocks, unpowered buildings, or Contaminate may cause inaccurate times.
  • Supply counts are checked every 10 seconds.